 Dungeon Crawl Stone Soup version 0.28-a0-706-gf6f64a616a (webtiles) character file.

Game seed: 333212924574375496

64 avis the Ruffian (level 3, -5/29 HPs)
             Began as a Demigod Transmuter on Oct 25, 2021.
             Killed from afar by an orc wizard (8 damage)
             ... with a puff of flame
             ... on level 3 of the Dungeon.
             The game lasted 00:09:06 (2390 turns).

avis the Ruffian (Demigod Transmuter)               Turns: 2390, Time: 00:09:07

Health: -5/29      AC:  4    Str: 15    XL:     3   Next: 64%
Magic:  6/8        EV: 11    Int: 15    God:
Gold:   88         SH:  0    Dex: 14    Spells: 1/5 levels left

rFire   . . .      SeeInvis .     - Unarmed
rCold   . . .      Faith    .   (no shield)
rNeg    . . .      Spirit   .   k - +0 leather armour
rPois   .          Reflect  .   (no helmet)
rElec   .          Harm     .   (no cloak)
rCorr   .          Rampage  .   (no gloves)
Will    .....                   f - +0 pair of boots
Stlth   +.........              (no amulet)
HPRegen 0.09/turn               (no ring)
MPRegen 0.11/turn               (no ring)

@: confused, hasted, very quick
A: high mp 1, forlorn
a: no special abilities


You were on level 3 of the Dungeon.
You visited 1 branch of the dungeon, and saw 3 of its levels.

You collected 88 gold pieces.

Inventory:

Hand Weapons
 d - a +0 hunting sling
Missiles
 a - 11 stones
 b - 17 poisoned darts
Armour
 f - a +0 pair of boots (worn)
 k - a +0 leather armour (worn)
Scrolls
 c - 3 scrolls of identify {unknown}
 e - a scroll of teleportation {unknown}
 g - a scroll of enchant armour {unknown}
 i - 2 scrolls of vulnerability {unknown}
 l - 2 scrolls of amnesia {unknown}
 m - 2 scrolls of noise {unknown}
 n - a scroll of magic mapping {unknown}
Potions
 h - a potion of degeneration {unknown}
 j - a potion of haste
 o - a potion of brilliance {unknown}


   Skills:
 - Level 2.0 Fighting
 - Level 1.7 Dodging
 - Level 4.0 Unarmed Combat
 - Level 1.7 Spellcasting
 * Level 1.8 Transmutations


You had one spell level left.
You knew the following spells:

 Your Spells              Type           Power      Damage    Failure   Level
a - Beastly Appendage     Tmut           12%        N/A       13%         1
p - Spider Form           Tmut/Pois      2%         N/A       50%         3

Your spell library contained the following spells:

 Spells                   Type           Power      Damage    Failure   Level
 Wereblood                Tmut           6%         N/A       21%         2
 Ignite Poison            Fire/Tmut/Pois 3%         N/A       54%         3
 Conjure Flame            Conj/Fire      1%         6-21      63%         3
 Ice Form                 Ice/Tmut       4%         N/A       88%         4
 Sticky Flame             Conj/Fire      1%         2d3       95%         4


Dungeon Overview and Level Annotations

Branches:
Dungeon (3/15)


Innate Abilities, Weirdness & Mutations

Your attributes grow dramatically as you level up.
You have an increased reservoir of magic. (+10% MP)
You shall have no god before yourself.


Message History

You hit the orc.
The orc is poisoned.
The orc is heavily wounded.
The orc hits you with a +0 club.
The orc wizard mumbles some strange words.
The orc wizard flickers and vanishes!
Deactivating autopickup; reactivate with Ctrl-A.
You bite the orc!
You kill the orc!
A goblin comes into view. It is wielding a +0 club.
Training target 2.0 for Fighting reached!
Your Fighting skill increases to level 2!
You need to enable at least one skill for training.
You barely miss something.
The goblin shouts!
The orc hits you from afar with a +0 trident.
The orc hits you with a +0 vampiric falchion.
Something barely misses you.
You hit something.
The orc hits you from afar with a +0 trident.
The orc hits you with a +0 vampiric falchion.
Something closely misses you.
You closely miss something.
Your transformation has ended.
Your +0 pair of boots unmelds from your body.
Your +0 leather armour unmelds from your body.
You hear some strange, mumbled words.
You are confused.
The orc hits you from afar with a +0 trident.
The orc hits you but does no damage.
Okay, then.
It was a potion of haste.
You feel yourself speed up. Something hits you.
* * * LOW HITPOINT WARNING * * *
The orc closely misses you.
The orc hits you with a +0 vampiric falchion.
* * * LOW HITPOINT WARNING * * *
You're too confused to move!
You hear some strange, mumbled words.
A puff of flame appears from out of thin air!
The puff of flame hits you!
You die...

##### #...# . #)..#
.. #...#### ...
#......# ....
#......# .....
#######......##......
#.....'......@o......
#######......#{o.....
####......#.###+##
#.§......§.§# ##
#§≈)§≈≈≈≈≈≈§#
.######§§......§≈..#
.......§≈.≈≈≈≈..≈....
######.§≈.≈...≈.≈.#.#
#..≈.≈._.≈.≈.


You could see 2 orcs.

Vanquished Creatures
  An adder (D:2)
  A dart slug (D:1)
  An orc (D:3)
  4 bats
  4 endoplasms
  3 giant cockroaches
  2 goblins
  3 hobgoblins (D:1)
  7 jackals (D:1)
  5 kobolds
  5 quokkas
  4 ball pythons
  2 frilled lizards
  3 rats
45 creatures vanquished.

Notes
Turn   | Place    | Note
-------+----------+-------------------------------------------
     0 | D:1      | avis the Demigod Transmuter began the quest for the Orb.
     0 | D:1      | Reached XP level 1. HP: 15/15 MP: 5/5
   124 | D:1      | Reached skill level 3 in Unarmed Combat
   277 | D:1      | Reached XP level 2. HP: 17/22 MP: 5/7
   972 | D:1      | Reached XP level 3. HP: 27/27 MP: 6/8
   996 | D:1      | Learned a level 3 spell: Spider Form
  1361 | D:1      | Reached skill level 4 in Unarmed Combat
  1384 | D:2      | Reached skill level 1 in Fighting
  2390 | D:3      | Killed from afar by an orc wizard

Illustrated notes

Levels and vault maps discovered:
D:1:      nicolae_arrival_memento_mori, layout_loops_cross,
          shapermc_ecumenical_altar_hornbeckon, bh_walls_and_bars
D:2:      layout_rooms, serial_aquarium, aquarium_bridge_island_small
          [aquarium_subvault_small_open, aquarium_subvault_bridge,
          aquarium_subvault_window, aquarium_subvault_bridge,
          aquarium_subvault_window], aquarium_bridge_square
          [aquarium_subvault_bridge, aquarium_subvault_wall,
          aquarium_subvault_wall, aquarium_subvault_bridge], aquarium_window_1,
          aquarium_window_1, aquarium_window_fake, aquarium_view_2f,
          aquarium_balcony_double_1, aquarium_pool_split,
          hangedman_decor_lopped, minmay_misc_feat_four_crosses
D:3:      layout_basic, mainiacjoe_overflow_concentric_impassable,
          grunt_gozag_breadcrumbs

Skill      XL: |  1  2  3 |
---------------+----------+-----
Unarmed Combat | 3 4 |  4.0
Fighting       | 2 |  2.0
Dodging        | |  1.7
Spellcasting   | |  1.7
Transmutations | |  1.8

Action                   || total
-------------------------++-------
Melee: Unarmed           ||   102
       Kick              ||    20
       Headbutt          ||    13
 Cast: Beastly Appendage ||    38
       Spider Form       ||     1
  Use: Potion            ||     1
 Stab: Sleeping          ||     1
Armor: Robe              ||     5
       Leather armour    ||     9
Dodge: Dodged            ||    50

Table legend: (Time is in decaauts)
 A = Elapsed time spent in this place.
 B = Non-inter-level travel time spent in this place.
 C = Inter-level travel time spent in this place.
 D = Time resting spent in this place.
 E = Time spent auto-exploring this place.
 F = Levels seen in this place.
 G = Mean time per level.
                   A        B        C        D        E       F      G
               +--------+--------+--------+--------+--------+-----+--------+
         Total |   2394 |   2293 |    101 |    643 |   1237 |   3 |  798.0 |
       Dungeon |   2394 |   2293 |    101 |    643 |   1237 |   3 |  798.0 |
               +--------+--------+--------+--------+--------+-----+--------+

Top non-repeatable levels by time:
     D:1: 1420 daAuts
     D:2: 899 daAuts
     D:3: 74 daAuts
